 Dungeon Crawl Stone Soup version 0.19.4-8-ga85b6b9 (webtiles) character file.

287 graki42 the Chopper (level 6, -2/51 HPs)
             Began as a Hill Orc Gladiator on Feb 15, 2017.
             Was a Follower of Uskayaw.
             Slain by a slave (3 damage)
             ... led by Pikel
             ... on level 4 of the Dungeon.
             The game lasted 00:07:29 (2722 turns).

graki42 the Chopper (Hill Orc Gladiator)            Turns: 2722, Time: 00:07:31

Health: -2/51      AC:  5    Str: 20    XL:     6   Next: 30%
Magic:  1/7        EV: 12    Int:  8    God:    Uskayaw [*.....]
Gold:   144        SH:  0    Dex: 11    Spells: 0 memorised, 5 levels left

rFire  . . .     SeeInvis .     a - +0 war axe
rCold  . . .     Gourm    .     s - +0 ring mail
rNeg   . . .     Faith    .     (no shield)
rPois  .         Spirit   .     (helmet restricted)
rElec  .         Reflect  .     (no cloak)
rCorr  .         Harm     .     (no gloves)
MR     .....                    (no boots)
Stlth  ..........               (no amulet)
                                (no ring)
                                r - ring of loudness (curse)

@: about to teleport, flying, very slightly contaminated, hasted, very quick
A: horns 1, talons 1
a: Stomp, Renounce Religion


You were on level 4 of the Dungeon.
You worshipped Uskayaw.
Uskayaw was noncommittal.
You were hungry.

You visited 1 branch of the dungeon, and saw 4 of its levels.

You collected 144 gold pieces.

Inventory:

Hand Weapons
 a - a +0 war axe (weapon)
Missiles
 d - 3 throwing nets (quivered)
Armour
 c - a +0 helmet
 s - a +0 ring mail (worn)
Jewellery
 r - a cursed ring of loudness (left hand)
Scrolls
 e - a scroll of immolation {unknown}
 g - 2 scrolls of fog {unknown}
 i - 4 scrolls of remove curse {unknown}
 l - a scroll of amnesia {unknown}
 n - a scroll of random uselessness {unknown}
 o - a scroll of fear {unknown}
 q - 3 scrolls of identify {unknown}
Potions
 j - 2 potions of curing
 k - a potion of mutation
Comestibles
 f - 2 bread rations
 p - a beef jerky


   Skills:
 + Level 3.2 Fighting
 + Level 7.2 Axes
 + Level 2.0 Throwing
 + Level 1.8 Armour
 + Level 2.9 Dodging
 + Level 0.5 Stealth
 * Level 2.1 Invocations


You had 5 spell levels left.
You didn't know any spells.

Dungeon Overview and Level Annotations

Branches:
Dungeon (4/15)
 Temple: D:4-7

Altars:
Ashenzari
Cheibriados
Gozag
Makhleb
Nemelex Xobeh
Uskayaw
Vehumet
Xom

Shops:
D:3 *

Annotations:
D:4 Pikel


Innate Abilities, Weirdness & Mutations

You have a pair of small horns on your head.
You have sharp toenails.


Message History

Press: ? - help, Dir - move target cursor Pikel appears confused.
The slave appears confused. x2
You are feeling hungry.
You can no longer pass through a line of other dancers.
The slave hits Pikel.
The slave barely misses the slave.
You barely miss the slave. You claw the slave, but do no damage.
You hit the slave.
Pikel hits the slave with a whip of flaming.
Pikel burns the slave.
The slave hits you.
* * * LOW HITPOINT WARNING * * *
You hit the slave. You claw the slave, but do no damage.
The slave is lightly wounded.
You closely miss the slave.
As you read the scroll labeled UQIUXU XEGUO, it crumbles to dust.
You feel strangely unstable.
It was a scroll of teleportation.
Pikel seems less confused.
The slave seems less confused. x2
The slave hits you.
* * * LOW HITPOINT WARNING * * *
The slave hits you.
You die... #### # #<.# .. ##.†## #. #### ##....## #......##..##..## .. #............ #o#####p####.### #ooo{pK@#

.# ######.p## ..
#.......p#### ..
............###
........?%....#
..........#...#
[.(.......##......
>.........# #.....
..........# ....#


You could see Pikel, 4 slaves and 4 orcs.

Vanquished Creatures
  3 orc priests (D:3)
  An orc wizard (D:3)
  8 gnolls
  An adder (D:2)
  2 oozes (D:3)
  3 worms
  4 dart slugs
  A leopard gecko (D:3)
  9 orcs (D:3)
  A ball python (D:1)
  4 giant cockroaches
  2 goblins
  7 jackals (D:1)
  A quokka (D:4)
  3 bats
  4 frilled lizards
  7 kobolds
  A rat (D:1)
62 creatures vanquished.

Notes
Turn   | Place    | Note
-------+----------+-------------------------------------------
     0 | D:1      | graki42 the Hill Orc Gladiator began the quest for the Orb.
     0 | D:1      | Reached XP level 1. HP: 18/18 MP: 1/1
    57 | D:1      | Reached XP level 2. HP: 25/25 MP: 2/2
   742 | D:1      | Reached XP level 3. HP: 24/30 MP: 3/3
   850 | D:2      | Reached skill level 5 in Axes
   862 | D:2      | Found a hide-covered altar of Uskayaw.
   862 | D:2      | Found a burning altar of Makhleb.
   867 | D:2      | Found a shattered altar of Ashenzari.
   881 | D:2      | Became a worshipper of Uskayaw the Reveler
   970 | D:2      | Reached * piety under Uskayaw
   971 | D:2      | Reached ** piety under Uskayaw
   977 | D:2      | HP: 1/30 [gnoll/spear (9)]
   978 | D:2      | Reached XP level 4. HP: 2/37 MP: 4/4
   978 | D:2      | Reached *** piety under Uskayaw
   980 | D:2      | Reached **** piety under Uskayaw
  1277 | D:2      | Found a snail-covered altar of Cheibriados.
  1426 | D:2      | Reached skill level 1 in Armour
  1601 | D:3      | Found a shimmering altar of Xom.
  1701 | D:3      | Found a sparkling altar of Nemelex Xobeh.
  1736 | D:3      | Reached XP level 5. HP: 11/44 MP: 5/5
  1736 | D:3      | HP: 2/44 [orc priest/divine providence (9)]
  1738 | D:3      | Reached skill level 6 in Axes
  1738 | D:3      | Reached skill level 1 in Invocations
  1965 | D:3      | Found Gozag's Platinum Reserve.
  1968 | D:3      | Found an opulent altar of Gozag.
  2231 | D:3      | Found a radiant altar of Vehumet.
  2362 | D:3      | Reached XP level 6. HP: 42/51 MP: 7/7
  2389 | D:3      | Reached skill level 7 in Axes
  2691 | D:4      | Noticed a slave
  2691 | D:4      | Noticed a slave
  2692 | D:4      | Noticed a slave
  2694 | D:4      | Noticed a slave
  2696 | D:4      | Noticed Pikel
  2717 | D:4      | Gained mutation: You have a pair of small horns on your head. [potion of mutation]
  2717 | D:4      | Gained mutation: You have sharp toenails. [potion of mutation]
  2722 | D:4      | HP: 1/51 [slave[Pikel] (5)]
  2722 | D:4      | Slain by a slave

Skill      XL: |  1  2  3  4  5  6 |
---------------+-------------------+-----
Throwing       | 2 |  2.0
Axes           | 5 6 7 |  7.2
Armour         | 1 |  1.8
Invocations    | 2 |  2.1
Fighting       | 3 |  3.2
Dodging        | |  2.9
Stealth        | |  0.5

Action                   |  1- 3 |  4- 6 || total
-------------------------+-------+-------++-------
Melee: War axe           |    71 |   138 ||   209
       Kick              |       |     2 ||     2
Invok: Stomp             |       |     2 ||     2
       Line Pass         |       |     1 ||     1
  Use: Potion            |       |     4 ||     4
       Scroll            |       |     1 ||     1
 Stab: Paralysed         |       |     1 ||     1
  Eat: Chunk             |       |     6 ||     6
Armor: Leather armour    |    23 |     6 ||    29
       Ring mail         |       |    32 ||    32
Dodge: Dodged            |    48 |    87 ||   135
